 Dungeon Crawl Stone Soup version 0.31-a0-810-ga77100ea1a (webtiles) character file.

Game seed: 4845309147435870018

3361 Newt the Scholar of Death (level 9, -5/65 HPs)
             Began as a Demonspawn Gladiator on Sept 21, 2023.
             Was a Follower of Kikubaaqudgha.
             Slain by a two-headed ogre
             ... wielding a +0 giant spiked club
              (15 damage)
             ... on level 8 of the Dungeon.
             The game lasted 00:07:22 (7285 turns).

Newt the Scholar of Death (Demonspawn Gladiator)    Turns: 7285, Time: 00:07:22

Health: -5/65      AC:  8    Str: 19    XL:     9   Next: 73%
Magic:  0/34       EV: 14    Int: 10    God:    Kikubaaqudgha [*.....]
Gold:   392        SH:  0    Dex: 17    Spells: 15/18 levels left

rFire   . . .        m - +6 hammer "Beyrruas" {pain, MP+9}
rCold   . . .        I - orb of Jopod {light, Will+ MP+9}
rNeg    . . .        q - +3 leather armour of Autotheism {Dex+3}
rPois   .            v - +1 hat
rElec   .            n - +0 cloak
rCorr   .            (no gloves)
SInv    .            (boots unavailable)
Will    +....        o - amulet of guardian spirit
Stlth   +            (no ring)
HPRegen 0.30/turn    (no ring)
MPRegen 0.24/turn

%: guardian spirit
@: glowing
A: hooves 3, powered by pain 1, demonic magic 1
a: Renounce Religion, Unearth Wretches


You were on level 8 of the Dungeon.
You worshipped Kikubaaqudgha.
Kikubaaqudgha was aware of your devotion.
You visited 2 branches of the dungeon, and saw 9 of its levels.

You collected 392 gold pieces.

Inventory:

Hand Weapons
 a - a +0 rapier of venom
 m - the +6 hammer "Beyrruas" (weapon) {pain, MP+9}
   (You found it on level 3 of the Dungeon)

   MP+9:      It affects your magic capacity (+9).
Missiles
 d - a throwing net
 e - 6 javelins
 i - 9 poisoned darts
Armour
 b - a +0 leather armour
 c - a +0 helmet
 n - a +0 cloak (worn)
 q - the +3 leather armour of Autotheism (worn) {Dex+3}
   (You took it off an orc on level 3 of the Dungeon)

   Dex+3:     It affects your dexterity (+3).
 v - a +1 hat (worn)
 I - the orb of Jopod (worn) {light, Will+ MP+9}
   (You found it on level 8 of the Dungeon)

   Will+:     It increases your willpower.
   MP+9:      It affects your magic capacity (+9).
Jewellery
 o - an amulet of guardian spirit (around neck)
 x - a ring of fire
 y - an amulet of reflection
 C - a ring of see invisible
 H - a +6 ring of intelligence
Wands
 p - a wand of roots (6)
 r - a wand of paralysis (8)
Scrolls
 f - a scroll of immolation
 h - 5 scrolls of fog
 j - a scroll of torment
 k - 3 scrolls of poison
 s - 2 scrolls of noise
 t - a scroll of enchant weapon
 u - a scroll of brand weapon
 w - 2 scrolls of teleportation
 E - a scroll of blinking
Potions
 g - a potion of brilliance
 l - a potion of attraction
 z - 2 potions of magic
 A - 2 potions of haste {unknown}
 B - 2 potions of curing {unknown}
 F - a potion of degeneration {unknown}


   Skills:
 - Level 4.0 Fighting
 - Level 4.0 Short Blades
 - Level 5.0 Maces & Flails
 - Level 1.7 Throwing
 - Level 5.0 Dodging
 - Level 5.2 Spellcasting
 - Level 5.4 Hexes
 + Level 7.2 Necromancy
 - Level 1.4 Evocations


You had 15 spell levels left.
You knew the following spells:

 Your Spells              Type           Power      Damage    Failure   Level
a - Jinxbite              Hex            26%        N/A       4%          2
b - Necrotise             Necr           68%        1d7       1%          1

Your spell library contained the following spells:

 Spells                   Type           Power      Damage    Failure   Level
 Sublimation of Blood     Necr           17%        N/A       1%          2
 Animate Dead             Necr           17%        N/A       13%         4
 Cigotuvi's Dreadful Rot  Necr/Pois/Air  14%        N/A       16%         2
 Apportation              Tloc           4%         N/A       26%         1
 Freeze                   Ice            8%         1d3       26%         1
 Magic Dart               Conj           8%         1d3       26%         1
 Call Imp                 Summ           4%         N/A       38%         2
 Frozen Ramparts          Ice            4%         1d1       63%         3
 Hailstorm                Conj/Ice       2%         3d3       63%         3
 Mephitic Cloud           Conj/Pois/Air  2%         N/A       63%         3
 Animate Armour           Summ/Erth      4%         N/A       95%         4
 Summon Lightning Spire   Summ/Air       2%         N/A       95%         4
 Vhi's Electric Charge    Tloc/Air       4%         N/A       95%         4
 Alistair's Intoxication  Tmut/Pois      1%         N/A       100%        5
 Arcjolt                  Conj/Air       1%         1d11      100%        5
 Lee's Rapid Deconstruct  Erth           1%         3d4*      100%        5
 Maxwell's Capacitive Co  Air            1%         ∞         100%        8


Dungeon Overview and Level Annotations

Branches:
Dungeon (8/15)             Temple (1/1) D:5
   Lair: D:8-11

Altars:
Ashenzari
Cheibriados
Fedhas
Kikubaaqudgha
Makhleb
Nemelex Xobeh
Qazlal
Ru
Uskayaw
Vehumet
Wu Jian
Xom
Yredelemnul


Innate Abilities, Weirdness & Mutations

You have hooves in place of feet.
You sometimes gain a little power by taking damage.
Spells you cast may paralyse adjacent enemies.


Message History

Press: ? - help, Q - select action, (/) - cycle Shift-Dir - straight line, f/p - two-headed ogre
Aim: a two-headed ogre, wielding a +0 giant spiked club and a +0 dire flail (lightly wounded, entangled in a net, haloed, chance to affect: 59%)
The two-headed ogre writhes in agony.
Malevolent energies surge around you.
The two-headed ogre struggles against the net.
Unknown command.
Aiming: Necrotise (safe; 1% risk of failure)
Press: ? - help, Q - select action, (/) - cycle Shift-Dir - straight line, f/p - two-headed ogre
Aim: a two-headed ogre, wielding a +0 giant spiked club and a +0 dire flail (lightly wounded, entangled in a net, haloed, chance to affect: 59%)
The two-headed ogre writhes in agony.
Malevolent energies surge around you.
The two-headed ogre struggles against the net.
The net rips apart, and the two-headed ogre comes free!
Unknown command.
Aiming: Necrotise (safe; 1% risk of failure)
Press: ? - help, Q - select action, (/) - cycle Shift-Dir - straight line, f/p - two-headed ogre
Aim: a two-headed ogre, wielding a +0 giant spiked club and a +0 dire flail (lightly wounded, haloed, chance to affect: 59%)
The two-headed ogre writhes in agony!
Malevolent energies surge around you. The two-headed ogre barely misses you.
The two-headed ogre misses you.
Unknown command.
Aiming: Necrotise (safe; 1% risk of failure)
Press: ? - help, Q - select action, (/) - cycle Shift-Dir - straight line, f/p - two-headed ogre
Aim: a two-headed ogre, wielding a +0 giant spiked club and a +0 dire flail (moderately wounded, haloed, chance to affect: 59%)
The two-headed ogre resists with significant effort.
Malevolent energies surge around you.
The two-headed ogre hits you with a +0 giant spiked club!
* * * LOW HITPOINT WARNING * * *
The two-headed ogre hits you but does no damage.
Unknown command.
Aiming: Necrotise (safe; 1% risk of failure)
Press: ? - help, Q - select action, (/) - cycle Shift-Dir - straight line, f/p - two-headed ogre
Aim: a two-headed ogre, wielding a +0 giant spiked club and a +0 dire flail (moderately wounded, haloed, chance to affect: 59%)
The two-headed ogre writhes in agony.
Malevolent energies surge around you.
Unknown command.
Unknown command.
Aiming: Necrotise (safe; 1% risk of failure)
Press: ? - help, Q - select action, (/) - cycle Shift-Dir - straight line, f/p - two-headed ogre
Aim: a two-headed ogre, wielding a +0 giant spiked club and a +0 dire flail (moderately wounded, haloed, chance to affect: 59%)
The two-headed ogre writhes in agony.
Malevolent energies surge around you.
The two-headed ogre hits you with a +0 giant spiked club!!
You die...
Kikubaaqudgha rasps: "You have failed me!
Welcome... death!"

~................. #.#
#.....#.#~#...... #.#
#..............# #.#
#..........# ##########.#
....#........## #.....>....#
.....###Y#.#.####.#.##########
......J...Y.......#.#
...#.#######Y######.# ..
#JyO@....# # ##########


You could see a two-headed ogre, an ice beast, a jelly and a killer bee.

Vanquished Creatures
  A troll (D:8)
  Grinder (D:4)
  A steam dragon (D:6)
  A water moccasin (D:5)
  A black bear (D:4)
  2 sky beasts (D:7)
  2 ice beasts (D:6)
  An orc warrior (D:7)
  3 centaurs
  A wolf (D:8)
  5 bullfrogs
  6 scorpions
  4 wights (D:7)
  5 killer bees (D:8)
  3 howler monkeys (D:7)
  2 jellies
  4 orc priests
  A hound (D:7)
  Crazy Yiuf (D:3)
  Jessica (D:2)
  An iguana (D:6)
  A sleepcap (D:6)
  4 orc wizards
  Ijyb (D:3)
  4 gnolls (D:4)
  9 adders
  2 white imps
  A worm (D:3)
  5 dart slugs
  15 orcs
  7 bats
  6 endoplasms
  3 giant cockroaches
  6 hobgoblins
  5 quokkas
  2 ball pythons
  5 frilled lizards
  6 goblins
  8 kobolds
  5 rats
142 creatures vanquished.

Notes
Turn   | Place    | Note
-------+----------+-------------------------------------------
     0 | D:1      | Newt the Demonspawn Gladiator began the quest for the Orb.
     0 | D:1      | Reached XP level 1. HP: 16/16 MP: 1/1
   166 | D:1      | Found a faded altar of an unknown god.
   190 | D:1      | Gained mutation: You have large cloven feet. [demonic
                  | ancestry]
   190 | D:1      | Reached XP level 2. HP: 20/23 MP: 2/2
   668 | D:2      | Gained mutation: You have hoof-like feet. [demonic
                  | ancestry]
   668 | D:2      | Reached XP level 3. HP: 27/30 MP: 3/3
  1100 | D:2      | Noticed Jessica
  1108 | D:2      | Killed Jessica
  1109 | D:2      | Gained mutation: Spells you cast may paralyse adjacent
                  | enemies. [demonic ancestry]
  1109 | D:2      | Reached XP level 4. HP: 31/37 MP: 4/4
  1681 | D:3      | Found a runed translucent door.
  1682 | D:3      | Noticed Crazy Yiuf
  1683 | D:3      | Identified the +6 hammer "Beyrruas" {pain, MP+9}
  1691 | D:3      | Killed Crazy Yiuf
  1765 | D:3      | Identified the +3 leather armour of Autotheism {Dex+3}
  1767 | D:3      | Noticed Ijyb
  1778 | D:3      | Killed Ijyb
  1779 | D:3      | Reached skill level 1 in Maces & Flails
  1779 | D:3      | Reached XP level 5. HP: 27/42 MP: 5/5
  2473 | D:4      | Found a sparkling altar of Nemelex Xobeh.
  2950 | D:4      | Noticed Grinder
  2962 | D:4      | Paralysed by Grinder for 4 turns
  2971 | D:4      | HP: 1/42 [Grinder (3)]
  2977 | D:4      | Killed Grinder
  2978 | D:4      | Gained mutation: You sometimes gain a little power by
                  | taking damage. [demonic ancestry]
  2978 | D:4      | Reached XP level 6. HP: 21/48 MP: 2/6
  3166 | D:4      | Reached XP level 7. HP: 45/54 MP: 7/7
  3216 | D:4      | Reached skill level 5 in Maces & Flails
  3340 | D:4      | Found a hide-covered altar of Uskayaw.
  3574 | D:5      | Entered Level 5 of the Dungeon
  4339 | D:5      | Reached skill level 5 in Dodging
  4339 | D:5      | Reached skill level 1 in Spellcasting
  4339 | D:5      | Reached skill level 1 in Evocations
  4474 | D:5      | Reached XP level 8. HP: 48/60 MP: 10/10
  4631 | D:5      | Found a staircase to the Ecumenical Temple.
  4722 | Temple   | Entered the Ecumenical Temple
  4736 | Temple   | Became a worshipper of Kikubaaqudgha
  4843 | D:6      | Reached skill level 1 in Hexes
  4854 | D:6      | Learned a level 2 spell: Jinxbite
  4994 | D:6      | Found a burning altar of Makhleb.
  4996 | D:6      | Noticed a balrug
  5240 | D:6      | Found a shimmering altar of Xom.
  5790 | D:7      | Reached skill level 5 in Hexes
  5790 | D:7      | Gained mutation: You have hooves in place of feet. [demonic
                  | ancestry]
  5790 | D:7      | Reached XP level 9. HP: 31/65 MP: 16/16
  6082 | D:7      | Reached skill level 5 in Spellcasting
  6085 | D:7      | Reached * piety under Kikubaaqudgha
  6085 | D:7      | Received a gift from Kikubaaqudgha
  6096 | D:7      | Learned a level 1 spell: Necrotise
  6271 | D:7      | Reached skill level 1 in Necromancy
  6311 | D:7      | Reached skill level 2 in Necromancy
  6328 | D:7      | Reached skill level 3 in Necromancy
  6495 | D:7      | Reached skill level 4 in Necromancy
  6662 | D:7      | Found a sacrificial altar of Ru.
  6980 | D:8      | Identified the orb of Jopod {light, Will+ MP+9}
  7030 | D:8      | Reached skill level 5 in Necromancy
  7237 | D:8      | Noticed a troll
  7238 | D:8      | Noticed a two-headed ogre
  7255 | D:8      | Reached skill level 6 in Necromancy
  7270 | D:8      | Killed a troll
  7271 | D:8      | Reached skill level 7 in Necromancy
  7271 | D:8      | HP: 1/65 [two-headed ogre/+0 giant spiked club (9)]
  7285 | D:8      | Slain by a two-headed ogre

Illustrated notes

Levels and vault maps discovered:
D:1:      dpeg_arrival_ternary, layout_rooms,
          dreamdust_ecumenical_altar_statues, hex_tiny
D:2:      layout_basic, uniq_jessica
D:3:      layout_loops_ring, uniq_ijyb, uniq_crazy_yiuf_cottage
D:4:      layout_rooms, lemuel_tele_altar, mainiacjoe_overflow_catwalk,
          uniq_grinder
D:5:      layout_basic, minmay_temple_entry_junction, lemuel_flame_loot_1
D:6:      layout_basic, mainiacjoe_overflow_brackets, makhleb_altar_promises_db
D:7:      layout_loops_cross, nicolae_overflow_hidden_temple
D:8:      layout_loops_ring, mainiacjoe_overflow_small_starburst,
          hellmonk_lair_entry_icy, uniq_pikel, uniq_psyche
Temple:   nicolae_temple_bog_church

Skill      XL: |  1  2  3  4  5  6  7  8  9 |
---------------+----------------------------+-----
Fighting       | 3 4 |  4.0
Short Blades   | 3 4 |  4.0
Maces & Flails | 1 4 5 |  5.0
Dodging        | 5 |  5.0
Spellcasting   | 1 4 5 |  5.2
Evocations     | 1 |  1.4
Hexes          | 5 |  5.4
Necromancy     | 7 |  7.2
Throwing       | |  1.7

Action                     |  1- 3 |  4- 6 |  7- 9 || total
---------------------------+-------+-------+-------++-------
  Melee: Rapier            |   105 |    26 |       ||   131
         Kick              |    14 |    31 |    81 ||   126
         Mace              |       |    84 |   257 ||   341
         Punch             |       |     3 |     5 ||     8
  Throw: Throwing net      |       |     4 |     1 ||     5
   Cast: Necrotise         |       |       |    21 ||    21
         Jinxbite          |       |       |     2 ||     2
    Use: Scroll            |     2 |     4 |     6 ||    12
         Potion            |       |     1 |     2 ||     3
   Stab: Sleeping          |     1 |     1 |       ||     2
         Held in net/web   |       |     1 |       ||     1
         Paralysed         |       |       |     8 ||     8
 Armour: Leather armour    |    58 |    93 |   195 ||   346
  Dodge: Dodged            |    73 |    87 |   253 ||   413

Table legend: (Time is in decaauts)
 A = Elapsed time spent in this place.
 B = Non-inter-level travel time spent in this place.
 C = Inter-level travel time spent in this place.
 D = Time resting spent in this place.
 E = Time spent auto-exploring this place.
 F = Levels seen in this place.
 G = Mean time per level.
                   A        B        C        D        E       F      G
               +--------+--------+--------+--------+--------+-----+--------+
         Total |   7356 |   6835 |    521 |    960 |   4687 |   9 |  817.3 |
       Dungeon |   7327 |   6833 |    494 |    960 |   4687 |   8 |  915.9 |
        Temple |     28 |      1 |     27 |      0 |      0 |   1 |   28.0 |
               +--------+--------+--------+--------+--------+-----+--------+

Top non-repeatable levels by time:
     D:5: 1234 daAuts
     D:7: 1203 daAuts
     D:3: 1179 daAuts
     D:4: 963 daAuts
     D:6: 942 daAuts
     D:2: 894 daAuts
     D:1: 568 daAuts
     D:8: 342 daAuts
  Temple: 28 daAuts
